Map: Forêt cybernétique EC

Players

Sorandom - Winner!

  • Race: Zerg Zerg
  • League: Diamond
  • Spawn Location: 11:00

Denis

  • Race: Protoss Protoss
  • League: Diamond
  • Spawn Location: 5:00

VOD

Have the link to the VOD?

Description

Time

  • Played on: May 7, 2019, 3:40 a.m.
  • Length: 5:55
Show
View Real Time Build Order
Export as new Build Order

Sorandom Zerg - Winner!

Build Orders: Pool First 

Get SALT Encoding   

  12  0:01  Drone  
  13  0:12  Overlord  
  13  0:17  Drone  
  14  0:30  Drone  
  14  0:31  Drone  
  16  0:39  Drone  
  16  0:42  Extractor  
  16  0:45  Drone  
  17  0:53  Spawning Pool  
  16  0:57  Drone  
  17  1:06  Drone  
  18  1:23  Hatchery  
  17  1:26  Drone  
  18  1:39  Queen  
  18  1:41  Zergling x2  
  18  1:46  Zergling x2  
  22  1:51  Overlord  
  22  1:59  Metabolic Boost  
  22  2:11  Roach Warren  
  21  2:24  Overlord  
  31  2:51  Roach x6  
  32  3:09  Roach x3  
  32  3:22  Roach  
  31  3:39  Roach  
  31  3:40  Roach  
  30  3:50  Drone x4  
  34  4:10  Hatchery  
  33  4:18  Roach  
  35  4:31  Roach  
  37  4:42  Roach  
  37  4:57  Overlord x3  
  37  5:07  Ravager  
  38  5:16  Drone  
  38  5:17  Queen  
  38  5:20  Drone  
  42  5:27  Drone  
  45  5:36  Drone  
  47  5:42  Drone  
Show
View Real Time Build Order
Export as new Build Order

Denis Protoss 

Build Orders:  

Get SALT Encoding   

  1  0:00  Probe  
  12  0:06  Probe  
  14  0:20  Pylon  
  14  0:21  Probe  
  15  0:36  Pylon  
  15  0:38  Probe  
  16  0:50  Probe  
  16  0:54  Gateway  
  17  1:02  Gateway  
  17  1:16  Gateway  
  17  1:25  Gateway  
  17  1:30  Pylon  
  17  1:41  Zealot  
  17  1:44  Zealot  
  19  1:49  Pylon  
  21  2:03  Zealot  
  23  2:08  Zealot  
  23  2:13  Zealot  
  27  2:15  Zealot  
  29  2:25  Pylon  
  29  2:28  Zealot  
  29  2:30  Zealot  
  33  2:50  Zealot  
  33  2:51  Zealot  
  37  2:56  Zealot  
  39  3:15  Zealot  
  39  3:17  Zealot  
  39  3:26  Zealot  
  39  3:27  Zealot  
  31  3:42  Zealot  
  31  3:44  Zealot  
  31  3:52  Zealot  
  31  3:54  Zealot  
  31  4:04  Zealot  
  31  4:09  Zealot  
  25  4:43  Assimilator  
  17  4:52  Gateway  
  17  4:55  Cybernetics Core  
  17  4:58  Pylon  
  17  4:59  Probe  
  18  5:11  Probe  
  18  5:13  Forge  
  19  5:23  Probe  
  20  5:34  Shield Battery  
  20  5:35  Probe  
  21  5:36  Pylon  
  21  5:47  Photon Cannon  
Tags
 
Add a new tag
Caveats
  • Supply blocks, unpowered buildings, or Contaminate may cause inaccurate times.
  • Supply counts are checked every 10 seconds.